 Dungeon Crawl Stone Soup version 0.30-a0-263-ge22c4ad894 (webtiles) character file.

Game seed: 8548723351297588321

456 Iusername the Covered (level 6, -2/56 HPs)
             Began as a Minotaur Fighter on Oct 13, 2022.
             Frozen to death by an endoplasm (4 damage)
             ... on level 4 of the Dungeon.
             The game lasted 00:04:26 (2899 turns).

Iusername the Covered (Minotaur Fighter)            Turns: 2899, Time: 00:04:26

Health: -2/56      AC:  7    Str: 22    XL:     6   Next: 77%
Magic:  5/5        EV:  9    Int:  5    God:
Gold:   163        SH:  5    Dex: 10    Spells: 5/5 levels left

rFire   . . .      SeeInvis .    a - +0 trident
rCold   . . .      Faith    .    c - +0 buckler
rNeg    . . .      Spirit   .    b - +0 scale mail
rPois   .          Reflect  .    (helmet restricted)
rElec   .          Harm     .    (no cloak)
rCorr   .          Rampage  .    (no gloves)
Will    .....                    (no boots)
Stlth   ..........               (no amulet)
HPRegen 0.29/turn                (no ring)
MPRegen 0.09/turn                (no ring)

@: brilliant
A: horns 2, retaliatory headbutt
a: no special abilities


You were on level 4 of the Dungeon.
You visited 1 branch of the dungeon, and saw 4 of its levels.

You collected 163 gold pieces.

Inventory:

Hand Weapons
 a - a +0 trident (weapon)
Armour
 b - a +0 scale mail (worn)
 c - a +0 buckler (worn)
Jewellery
 p - a ring of resist corrosion
Wands
 m - a wand of roots (14)
Scrolls
 e - a scroll of teleportation {unknown}
 f - a scroll of fog {unknown}
 i - a scroll of poison {unknown}
 j - a scroll of brand weapon {unknown}
 l - a scroll of amnesia
 q - a scroll of torment {unknown}
Potions
 g - 2 potions of flight {unknown}
 k - a potion of lignification {unknown}
 n - a potion of mutation
 o - a potion of brilliance
 r - a potion of invisibility {unknown}
 s - a potion of heal wounds {unknown}


   Skills:
 + Level 5.5 Fighting
 + Level 4.8 Polearms
 + Level 5.6 Armour
 + Level 5.5 Shields


You had 5 spell levels left.
You didn't know any spells.
Your spell library contained the following spells:

 Spells                   Type           Power      Damage    Failure   Level
 Foxfire                  Conj/Fire      0%         2x1d4     86%         1
 Fireball                 Conj/Fire      0%         3d3       100%        5
 Starburst                Conj/Fire      0%         6d3       100%        6


Dungeon Overview and Level Annotations

Branches:
Dungeon (4/15)             Temple (0/1) D:4

Altars:
Makhleb
Wu Jian


Innate Abilities, Weirdness & Mutations

You have a pair of horns on your head.
You reflexively headbutt those who attack you in melee.


Message History

Unknown command.
It was a potion of curing.
You feel better. The adder bites you but does no damage.
You block the hobgoblin's attack. The steam dragon closely misses you.
The steam dragon claws you but does no damage.
You hit the steam dragon but do no damage.
The steam dragon is severely wounded.
The adder barely misses you. The steam dragon bites you.
* * * LOW HITPOINT WARNING * * *
The steam dragon barely misses you. You block the hobgoblin's attack.
The adder closely misses you.
You barely miss the steam dragon. You headbutt the steam dragon!
The steam dragon is almost dead.
You block the adder's attack. The steam dragon misses you.
The steam dragon claws you.
* * * LOW HITPOINT WARNING * * *
The hobgoblin hits you but does no damage.
You feel better. You block the adder's attack.
The steam dragon barely misses you. The steam dragon claws you.
* * * LOW HITPOINT WARNING * * *
The endoplasm freezes you.
You are frozen.
* * * LOW HITPOINT WARNING * * *
You block the hobgoblin's attack.
You closely miss the steam dragon. Your headbutt misses the steam dragon.
The steam dragon is almost dead.
The adder completely misses you. You furiously retaliate!
You headbutt the adder! You block the endoplasm's attack.
The hobgoblin hits you but does no damage.
The steam dragon bites you.
* * * LOW HITPOINT WARNING * * *
The steam dragon claws you.
* * * LOW HITPOINT WARNING * * *
The adder barely misses you. You furiously retaliate!
You headbutt the adder!
You kill the adder!
It was a potion of brilliance.
You feel clever all of a sudden. The endoplasm freezes you.
You are frozen.
You die...

.. .....#............
#.....##.......##.....##
........#.#.#..........
#...#.#.#...#.#.#...#.#
#/#.#...........#.#.#..
......##.....##.......#
#...............#....
#...J#.###.#....#..[.
#..†@D..^......)#....
#......g##.....##...)...#
..#.#.#..§§.......#.#.#..
#...#.#.#...#.#.#...#.#
.........#.#.#..........
#.....##.......##.....##
....... ....#...........#
.#.# #. .. .#....#.###$##
... .#.....#######


You could see a steam dragon, an endoplasm and a hobgoblin.

Vanquished Creatures
  Sigmund (D:4)
  A necrophage (D:4)
  A scorpion (D:4)
  A hound (D:4)
  A gnoll (D:1)
  6 adders
  A worm (D:2)
  4 dart slugs
  6 endoplasms
  5 goblins
  9 hobgoblins
  8 kobolds
  3 quokkas
  9 ball pythons
  7 bats
  4 frilled lizards
  3 rats
70 creatures vanquished.

Vanquished Creatures (others)
  A plant (D:1)
1 creature vanquished.

Grand Total: 71 creatures vanquished

Notes
Turn   | Place    | Note
-------+----------+-------------------------------------------
     0 | D:1      | Iusername the Minotaur Fighter began the quest for the Orb.
     0 | D:1      | Reached XP level 1. HP: 19/19 MP: 0/0
   168 | D:1      | Reached XP level 2. HP: 22/27 MP: 1/1
   628 | D:1      | Reached XP level 3. HP: 32/33 MP: 2/2
   807 | D:1      | You fall into a shaft and drop 1 floor!
  1289 | D:2      | Reached XP level 4. HP: 41/41 MP: 3/3
  1293 | D:2      | Found a faded altar of an unknown god.
  1969 | D:3      | Found an ornate altar of the Wu Jian Council.
  2514 | D:4      | Noticed a scorpion
  2522 | D:4      | Killed a scorpion
  2523 | D:4      | Reached XP level 5. HP: 35/47 MP: 4/4
  2669 | D:4      | Reached skill level 5 in Fighting
  2669 | D:4      | Reached skill level 5 in Armour
  2669 | D:4      | Reached skill level 5 in Shields
  2678 | D:4      | Found a staircase to the Ecumenical Temple.
  2738 | D:4      | Found a burning altar of Makhleb.
  2741 | D:4      | Reached XP level 6. HP: 56/56 MP: 5/5
  2760 | D:4      | Noticed Sigmund
  2771 | D:4      | Killed Sigmund
  2882 | D:4      | Noticed a steam dragon
  2893 | D:4      | HP: 2/56 [steam dragon (5)]
  2898 | D:4      | HP: 2/56 [steam dragon (3)]
  2899 | D:4      | Frozen to death by an endoplasm

Illustrated notes

Levels and vault maps discovered:
D:1:      nzn_arrival_settlement, layout_loops_ring, serial_bayou,
          serial_bayou_pond_e, serial_bayou_pond_b, serial_bayou_pond_b,
          serial_bayou_shore_b, serial_bayou_shore_b, serial_bayou_pond_a,
          minmay_tiny_reverse_x
D:2:      layout_basic, ebering_ecumenical_altar_box,
          minmay_misc_feat_secret_circle, grunt_ministairs_9
D:3:      layout_basic, nicolae_overflow_hidden_temple
D:4:      nicolae_cairo_tiling_large_dashed, layout_basic,
          makhleb_heckhound_becter, minmay_temple_entry_statues_pillars,
          serial_shops, shop, nicolae_shop_advertising_works
          [nicolae_subvault_shop_adworks], minmay_misc_feat_columns,
          uniq_sigmund

Skill      XL: |  1  2  3  4  5 |
---------------+----------------+-----
Fighting       | 4 5 |  5.5
Polearms       | 3 4 |  4.8
Armour         | 4 5 |  5.6
Shields        | 4 5 |  5.5

Action                   |  1- 3 |  4- 6 || total
-------------------------+-------+-------++-------
Melee: Trident           |   101 |    85 ||   186
       Headbutt          |     7 |    14 ||    21
  Use: Scroll            |     2 |     1 ||     3
       Potion            |       |     4 ||     4
Armor: Scale mail        |    43 |    33 ||    76
Dodge: Dodged            |    39 |    34 ||    73
Block: Buckler           |    21 |    17 ||    38

Table legend: (Time is in decaauts)
 A = Elapsed time spent in this place.
 B = Non-inter-level travel time spent in this place.
 C = Inter-level travel time spent in this place.
 D = Time resting spent in this place.
 E = Time spent auto-exploring this place.
 F = Levels seen in this place.
 G = Mean time per level.
                   A        B        C        D        E       F      G
               +--------+--------+--------+--------+--------+-----+--------+
         Total |   2935 |   2798 |    137 |    295 |   2060 |   4 |  733.8 |
       Dungeon |   2935 |   2798 |    137 |    295 |   2060 |   4 |  733.8 |
               +--------+--------+--------+--------+--------+-----+--------+

Top non-repeatable levels by time:
     D:1: 1112 daAuts
     D:3: 940 daAuts
     D:2: 535 daAuts
     D:4: 347 daAuts
